 Dungeon Crawl Stone Soup version 0.27-a0-1154-gfdeffcb720 (webtiles) character file.

Game seed: 9620244118294521122

16210 Ijustatesigmund the Cleaver (level 12, -5/111 HPs)
             Began as a Hill Orc Fighter on May 14, 2021.
             Was a Believer of Cheibriados.
             Slain by a two-headed ogre
             ... wielding a +0 giant club
              (12 damage)
             ... on level 1 of the Orcish Mines.
             The game lasted 00:28:33 (14958 turns).

Ijustatesigmund the Cleaver (Hill Orc Fighter)     Turns: 14958, Time: 00:28:34

Health: -5/111     AC: 11    Str: 26    XL:     12   Next: 35%
Magic:  13/17      EV: 15    Int: 12    God:    Cheibriados [**....]
Gold:   731        SH: 14    Dex: 27    Spells: 12/13 levels left

rFire    . . .     SeeInvis .   H - +7 broad axe "Meumapp" {freeze, rCorr Int-5 Dex+4}
rCold    . . .     Faith    .   c - +1 kite shield
rNeg     . . .     Spirit   .   (no armour)
rPois    .         Reflect  .   (no helmet)
rElec    .         Harm     .   t - +1 cloak
rCorr    +         Rampage  .   m - +2 pair of gloves
Will     .....                  y - +0 pair of boots
Stlth    ++........             (no amulet)
HPRegen  0.28/turn              o - +6 ring of dexterity
MPRegen  0.15/turn              j - +4 ring of protection

@: very slow
A: no striking features
a: Renounce Religion, Convert to Beogh, Bend Time


You were on level 1 of the Orcish Mines.
You worshipped Cheibriados.
Cheibriados was pleased with you.
You visited 3 branches of the dungeon, and saw 14 of its levels.

You collected 871 gold pieces.
You spent 140 gold pieces at shops.

Inventory:

Hand Weapons
 a - a +3 war axe
 A - the +1 morningstar "Qikk" {drain, Dex+3}
   (You found it on level 11 of the Dungeon)

   A truly terrible weapon, it drains the life of those it strikes.
   It affects your dexterity (+3).
 H - the +7 broad axe "Meumapp" (weapon) {freeze, rCorr Int-5 Dex+4}
   (You acquired it on level 9 of the Dungeon)

   It has been specially enchanted to freeze those struck by it, causing extra
   injury to most foes and up to half again as much damage against particularly
   susceptible opponents.
   It can also slow down cold-blooded creatures.
   It affects your intelligence (-5).
   It affects your dexterity (+4).
   It protects you from acid and corrosion.
 N - the +1 war axe of Doubt {vamp, rCorr Str+6 Int-4}
   (You found it on level 11 of the Dungeon)

   It inflicts no extra harm, but heals its wielder when it wounds a living foe.
   It affects your strength (+6).
   It affects your intelligence (-4).
   It protects you from acid and corrosion.
Missiles
 h - 77 poisoned darts (quivered)
 D - 2 throwing nets
Armour
 b - a +1 ring mail of fire resistance
 c - a +1 kite shield (worn)
 d - a +1 chain mail of poison resistance
 m - a +2 pair of gloves (worn)
 r - a +0 pair of gloves of strength
 t - a +1 cloak (worn)
 y - a +0 pair of boots (worn)
 F - the +0 scale mail of Hedging {Str+3 Int+5}
   (You found it on level 9 of the Dungeon)

   It affects your strength (+3).
   It affects your intelligence (+5).
Jewellery
 j - a +4 ring of protection (right hand)
 o - a +6 ring of dexterity (left hand)
 p - a +6 ring of strength
 s - a ring of poison resistance
 u - a ring of ice
 B - a ring of protection from fire
 E - an amulet of guardian spirit
Wands
 x - a wand of flame (14)
 z - a wand of paralysis (11)
 I - a wand of polymorph (3)
 M - a wand of iceblast (12)
Scrolls
 n - 5 scrolls of amnesia
 v - a scroll of silence
 C - a scroll of immolation
 G - 2 scrolls of identify
 O - a scroll of enchant weapon
Potions
 e - 8 potions of lignification
 f - 3 potions of flight
 g - 4 potions of resistance
 i - a potion of attraction
 l - 3 potions of curing
 w - 5 potions of brilliance
Miscellaneous
 K - a condenser vane


   Skills:
 + Level 11.6 Fighting
 + Level 12.6 Axes
 - Level 8.5 Armour
 + Level 4.9 Dodging
 + Level 9.0 Shields
 - Level 1.3 Spellcasting
 - Level 5.6 Necromancy
 + Level 7.2 Invocations


You had 12 spell levels left.
You knew the following spells:

 Your Spells              Type           Power      Damage    Failure   Level
a - Animate Skeleton      Necr           28%        N/A       6%          1

Your spell library contained the following spells:

 Spells                   Type           Power      Damage    Failure   Level
 Apportation              Tloc           0%         N/A       54%         1
 Corona                   Hex            0%         N/A       54%         1
 Magic Dart               Conj           0%         1d3       54%         1
 Shock                    Conj/Air       0%         1d3       54%         1
 Sting                    Tmut/Pois      0%         1d3       54%         1
 Summon Small Mammal      Summ           0%         N/A       54%         1
 Poisonous Vapours        Pois/Air       0%         N/A       67%         2
 Searing Ray              Conj           0%         3d3       67%         2
 Static Discharge         Conj/Air       0%         N/A       67%         2
 Confusing Touch          Hex            0%         N/A       88%         3
 Dazzling Flash           Conj/Hex       0%         N/A       88%         3
 Gell's Gravitas          Tloc           0%         N/A       88%         3
 Ignite Poison            Fire/Tmut/Pois 0%         N/A       88%         3
 Mephitic Cloud           Conj/Pois/Air  0%         N/A       88%         3
 Swiftness                Air            0%         N/A       88%         3
 Airstrike                Air            0%         N/A       99%         4
 Fulminant Prism          Conj/Hex       0%         3d6       99%         4
 Iskenderun's Mystic Bla  Conj/Tloc      0%         2d3       99%         4
 Olgreb's Toxic Radiance  Pois           0%         N/A       99%         4
 Petrify                  Tmut/Erth      0%         N/A       99%         4
 Lightning Bolt           Conj/Air       0%         1d11      100%        5
 Metabolic Englaciation   Hex/Ice        0%         N/A       100%        5
 Yara's Violent Unravell  Hex/Tmut       0%         3d3       100%        5


Dungeon Overview and Level Annotations

Branches:
Dungeon (12/15)            Temple (1/1) D:5            Lair (0/6) D:11
    Orc (1/2) D:11

Altars:
Ashenzari
Cheibriados
Dithmenos
Elyvilon
Fedhas
Gozag
Hepliaklqana
Kikubaaqudgha
Makhleb
Nemelex Xobeh
Okawaru
Qazlal
Ru
Sif Muna
Trog
Uskayaw
Vehumet
Wu Jian
Xom
Yredelemnul
Zin
The Shining One

Shops:
D:9 *

Annotations:
D:11 crabbyslav's ghost, journeyman TrFi
D:12 Maurice


Message History

The ogre mage shouts!
You slice the two-headed ogre!! You freeze the two-headed ogre.
The two-headed ogre is heavily wounded.
You slash the two-headed ogre! You freeze the two-headed ogre.
You hear a shout!
You block the two-headed ogre's attack. The two-headed ogre misses you.
An orc comes into view. It is wielding a +0 hand axe.
You block the two-headed ogre's attack.
The two-headed ogre hits you with a +0 giant spiked club!!
An orc comes into view. It is wielding a +0 mace.
The orc shouts!
You slash the two-headed ogre! You freeze the two-headed ogre.
The two-headed ogre is almost dead.
You hit the two-headed ogre. You freeze the two-headed ogre.
You slash the ogre! You freeze the ogre. The ogre barely misses you.
The two-headed ogre misses you.
The two-headed ogre hits you with a +0 giant spiked club!!
* * * LOW HITPOINT WARNING * * *
The two-headed ogre closely misses you. You block the two-headed ogre's attack.
You slash the two-headed ogre! You freeze the two-headed ogre.
You kill the two-headed ogre!
Cheibriados appreciates the change of pace.
You hit the two-headed ogre. You freeze the two-headed ogre.
You slice the ogre!! You freeze the ogre.
You kill the ogre!
Cheibriados appreciates the change of pace.
The orc warlord roars a battlecry!
The orcs go into a battle-frenzy!
Your Shields skill increases to level 9!
Casting: Animate Skeleton (safe; 6% risk of failure)
Confirm with . or Enter, or press ? or * to list all spells.
You attempt to give life to the dead...
Before your eyes, flesh is ripped from the corpse!
The dead are walking!
An orc comes into view.
It is wielding a +0 hand axe and quivering boomerangs of dispersal.
An orc comes into view. It is wielding a +0 flail.
The two-headed ogre hits you with a +0 giant club!
* * * LOW HITPOINT WARNING * * *
The two-headed ogre hits you with a +0 giant spiked club!
You die...

### #########
#..######..#...$#### #
....#..#.........#.##..
.................#......
..#..................#
..............$..O..#
................@Z..#..
................)o.OO...
#...........<>....hO.o..
##.......).....#.##....o
.........)......#..ooo##
.........)..#.......o#.o
.#.................... .
......#...........#....
............#.##..###.


You could see an orc warlord, 2 two-headed ogres, an ogre mage, a warg, an orc
sorcerer (strong), an orc warrior (strong), an ogre, an orc priest (strong), 4
orcs and a friendly two-headed ogre skeleton.

Vanquished Creatures
  Harold (D:9)
  A boulder beetle (D:11)
  Erolcha (D:10)
  2 two-headed ogres
  Pikel (D:9)
  A deep elf pyromancer (D:12)
  An ugly thing (D:11)
  An orc sorcerer (Orc:1)
  A cyclops (D:12)
  A gargoyle (D:10)
  Psyche (D:8)
  2 trolls
  2 hornets
  Prince Ribbit (D:6)
  A slime creature (D:12)
  2 spriggans (D:11)
  A vampire (D:10)
  2 wyverns (D:9)
  2 steam dragons
  14 yaks
  12 vampire mosquitoes
  3 water moccasins
  A sky beast (D:5)
  Duvessa (D:4)
  6 orc warriors
  A black bear (D:5)
  2 ice beasts
  A necrophage (D:5)
  3 ogres
  A wolf (D:11)
  2 centaurs
  3 kobold brigands
  A lemure (D:9)
  2 phantoms
  3 bullfrogs
  3 scorpions
  A water moccasin zombie (D:6)
  A wyvern zombie (D:8)
  A wyvern skeleton (D:7)
  Dowan (D:4)
  14 killer bees
  4 wights (D:8)
  2 howler monkeys
  2 bullfrog zombies (D:5)
  2 jellies
  3 centaur zombies
  3 hounds
  2 bullfrog skeletons (D:5)
  3 centaur skeletons
  A gnoll shaman (D:5)
  Terence (D:3)
  5 iguanas
  8 orc wizards
  A killer bee zombie (D:7)
  3 hound skeletons
  A spectral howler monkey (D:9)
  A howler monkey zombie (D:9)
  3 adders (D:3)
  4 gnolls (D:5)
  2 howler monkey skeletons
  A shadow imp (D:7)
  2 white imps (D:6)
  An ufetubus (D:6)
  2 adder skeletons (D:4)
  2 dart slugs
  31 orcs
  9 endoplasms
  4 giant cockroaches
  7 goblins
  11 hobgoblins
  6 jackals
  3 quokkas
  8 ball pythons
  6 bats
  3 frilled lizards
  13 kobolds
  2 rats
264 creatures vanquished.

Vanquished Creatures (others)
  An acid dragon (D:9)
  A centaur (D:9)
  7 plants (D:11)
9 creatures vanquished.

Grand Total: 273 creatures vanquished

Notes
Turn   | Place    | Note
-------+----------+-------------------------------------------
     0 | D:1      | Ijustatesigmund the Hill Orc Fighter began the quest for
                  | the Orb.
     0 | D:1      | Reached XP level 1. HP: 19/19 MP: 1/1
    16 | D:1      | Reached skill level 3 in Axes
   290 | D:1      | Reached XP level 2. HP: 27/27 MP: 2/2
   682 | D:1      | Reached XP level 3. HP: 33/33 MP: 3/3
  1052 | D:2      | Reached skill level 4 in Axes
  1055 | D:2      | Reached skill level 1 in Dodging
  1286 | D:2      | Found a faded altar of an unknown god.
  1646 | D:3      | Reached XP level 4. HP: 29/40 MP: 4/4
  1820 | D:3      | Noticed Terence
  1837 | D:3      | Killed Terence
  1838 | D:3      | Reached skill level 5 in Axes
  1838 | D:3      | Reached XP level 5. HP: 33/47 MP: 5/5
  2920 | D:4      | Noticed Dowan
  2921 | D:4      | Noticed Duvessa
  2931 | D:4      | Killed Dowan
  2932 | D:4      | Reached skill level 5 in Fighting
  2932 | D:4      | Reached XP level 6. HP: 19/56 MP: 6/6
  2933 | D:4      | Killed Duvessa
  2934 | D:4      | Reached skill level 6 in Axes
  3453 | D:4      | Reached XP level 7. HP: 62/62 MP: 7/7
  3607 | D:5      | Entered Level 5 of the Dungeon
  3640 | D:5      | Found a staircase to the Ecumenical Temple.
  3682 | D:4      | Reached skill level 7 in Axes
  3979 | D:5      | Reached XP level 8. HP: 53/71 MP: 8/8
  4241 | D:5      | Reached skill level 8 in Axes
  4250 | D:5      | Found a large runed translucent door.
  4322 | D:5      | Found a large runed translucent door.
  4336 | D:5      | Found a shimmering blue altar of Sif Muna.
  4336 | D:5      | Found a shadowy altar of Dithmenos.
  4673 | D:5      | Reached skill level 5 in Armour
  4673 | D:5      | Reached skill level 5 in Shields
  4996 | D:6      | Reached XP level 9. HP: 54/81 MP: 9/9
  5306 | D:6      | Reached skill level 9 in Axes
  5531 | D:6      | Noticed Prince Ribbit
  5978 | D:6      | Killed Prince Ribbit
  6431 | D:7      | Learned a level 1 spell: Animate Skeleton
  6651 | D:7      | Reached skill level 1 in Necromancy
  6654 | D:7      | Reached skill level 10 in Axes
  6657 | D:7      | Reached XP level 10. HP: 56/91 MP: 10/10
  7489 | D:8      | Noticed Psyche
  7500 | D:8      | Killed Psyche
  7628 | D:8      | Paralysed by a hornet for 3 turns
  8455 | Temple   | Entered the Ecumenical Temple
  8768 | Temple   | Became a worshipper of Cheibriados the Contemplative
  9014 | D:9      | Noticed Harold
  9025 | D:9      | Killed Harold
  9026 | D:9      | Reached skill level 1 in Invocations
  9290 | D:9      | Reached skill level 10 in Fighting
  9315 | D:9      | Noticed Pikel
  9328 | D:9      | Killed Pikel
  9329 | D:9      | Reached skill level 11 in Axes
  9558 | D:9      | Identified the +0 scale mail of Hedging {Str+3 Int+5}
  9565 | D:9      | Found Tilumun's Assorted Antiques.
  9578 | D:9      | Reached XP level 11. HP: 65/100 MP: 13/13
  9731 | D:9      | Bought a scroll labelled XABUIN SYIFEU for 28 gold pieces
  9731 | D:9      | Bought a bronze wand for 112 gold pieces
  9731 | D:9      | Acquired the +7 broad axe "Meumapp" {freeze, rCorr Int-5
                  | Dex+4}
  9783 | D:9      | Reached skill level 5 in Necromancy
  9807 | D:9      | Reached * piety under Cheibriados
 10073 | D:10     | Entered Level 10 of the Dungeon
 10109 | D:10     | Noticed Erolcha
 10117 | D:10     | Killed Erolcha
 10343 | D:10     | Noticed a two-headed ogre
 10348 | D:10     | Killed a two-headed ogre
 10349 | D:10     | Reached skill level 1 in Spellcasting
 11506 | D:11     | Noticed a boulder beetle
 11707 | D:11     | Killed a boulder beetle
 11708 | D:11     | Reached skill level 5 in Invocations
 12071 | D:11     | Found a runed translucent door.
 12072 | D:11     | Identified the +7 trident "Etwus" {vorpal, +Rage rF+ rCorr
                  | Stlth-}
 12074 | D:11     | Noticed a spriggan rider
 12076 | D:11     | Noticed crabbyslav's ghost (journeyman TrFi)
 12257 | D:5      | Found a blossoming altar of Fedhas.
 12266 | D:5      | Found a radiant altar of Vehumet.
 12400 | D:11     | Reached ** piety under Cheibriados
 12466 | D:11     | Identified the +1 morningstar "Qikk" {drain, Dex+3}
 12518 | D:11     | Noticed a purple ugly thing
 12523 | D:11     | Killed a purple ugly thing
 12628 | D:11     | Identified the +1 war axe of Doubt {vamp, rCorr Str+6
                  | Int-4}
 12686 | D:11     | Reached skill level 12 in Axes
 12795 | D:11     | Found a staircase to the Orcish Mines.
 12843 | D:11     | Found a staircase to the Lair.
 12853 | D:11     | Reached XP level 12. HP: 74/110 MP: 16/16
 13201 | D:11     | HP: 1/110 [spriggan/+0 trident (11)]
 14482 | D:12     | Noticed an eight-headed hydra
 14484 | D:12     | Noticed Maurice
 14815 | Orc:1    | Entered Level 1 of the Orcish Mines
 14947 | Orc:1    | Noticed a two-headed ogre
 14949 | Orc:1    | Noticed a two-headed ogre
 14951 | Orc:1    | Noticed an orc warlord
 14952 | Orc:1    | Noticed a two-headed ogre
 14953 | Orc:1    | Noticed an ogre mage
 14957 | Orc:1    | Killed a two-headed ogre
 14958 | Orc:1    | Slain by a two-headed ogre

Illustrated notes

Levels and vault maps discovered:
D:1:      dpeg_arrival_shrine, layout_loops_ring, minmay_small_reverse_x
D:2:      layout_rooms, basic_ecumenical_altar
D:3:      layout_basic, minmay_misc_feat_enclosed, uniq_terence
D:4:      layout_basic, uniq_duvessa
D:5:      layout_gridville, jmf_multi_god_temple, jmf_multi_god_temple2,
          minmay_temple_entry_mini_moons
D:6:      layout_basic, minmay_circle_x, uniq_prince_ribbit1
D:7:      layout_cave_pools, grunt_ogre_cave, dk_rats_in_the_wall
D:8:      layout_loops_ring, uniq_psyche
D:9:      layout_small_grid, serial_shops, nicolae_shop_trees,
          minmay_misc_feat_alley, serial_park_tiny_2, st_stairs_5,
          hangedman_weighted_door, uniq_harold, uniq_pikel
D:10:     layout_loops_corners, chequers_serial_rivers_small_b, uniq_erolcha
D:11:     layout_roguey, lair_entry_dummy, orc_0_dummy,
          ebering_ghost_funeral_grove
D:12:     layout_long_grid, gammafunk_ghost_necromancy, uniq_nergalle,
          uniq_maurice
Temple:   dpeg_five_rooms_temple
Orc:1:    layout_caves

Skill      XL: |  1  2  3  4  5  6  7  8  9 10 11 12 |
---------------+-------------------------------------+-----
Axes           | 3 4 5 6 7 8 10 11 12 | 12.6
Fighting       | 4 5 6 7 9 10 11 | 11.6
Dodging        | 1 2 3 4 |  4.9
Armour         | 4 5 6 8 |  8.5
Shields        | 4 5 6 7 8 9 |  9.0
Necromancy     | 1 4 5 |  5.6
Invocations    | 3 6 7 |  7.2
Spellcasting   | 1 |  1.3

Action                   |  1- 3 |  4- 6 |  7- 9 | 10-12 || total
-------------------------+-------+-------+-------+-------++-------
Melee: War axe           |   101 |   134 |   273 |   170 ||   678
       Broad axe         |       |       |       |   206 ||   206
Throw: Dart              |       |     3 |       |    14 ||    17
 Cast: Animate Skeleton  |       |       |       |     7 ||     7
Invok: Bend Time         |       |       |       |     2 ||     2
Evoke: Wand              |       |       |       |    10 ||    10
  Use: Scroll            |     2 |     8 |    10 |    14 ||    34
       Potion            |       |     1 |       |     4 ||     5
 Stab: Distracted        |       |       |       |     2 ||     2
       Sleeping          |       |       |       |     1 ||     1
Armor: Scale mail        |    37 |    65 |       |       ||   102
       Ring mail         |       |    11 |   127 |    49 ||   187
       Chain mail        |       |       |       |    28 ||    28
       Skin              |       |       |       |    56 ||    56
Dodge: Dodged            |    33 |    44 |   114 |   184 ||   375
Block: Kite shield       |    52 |    86 |   169 |   276 ||   583

Table legend: (Time is in decaauts)
 A = Elapsed time spent in this place.
 B = Non-inter-level travel time spent in this place.
 C = Inter-level travel time spent in this place.
 D = Time resting spent in this place.
 E = Time spent auto-exploring this place.
 F = Levels seen in this place.
 G = Mean time per level.
                   A        B        C        D        E       F      G
               +--------+--------+--------+--------+--------+-----+--------+
         Total |  16306 |  15138 |   1168 |   3010 |   9820 |  14 | 1164.7 |
       Dungeon |  15793 |  14712 |   1081 |   3010 |   9430 |  12 | 1316.1 |
        Temple |    350 |    263 |     87 |      0 |    262 |   1 |  350.0 |
  Orcish Mines |    162 |    162 |      0 |      0 |    128 |   1 |  162.0 |
               +--------+--------+--------+--------+--------+-----+--------+

Top non-repeatable levels by time:
    D:11: 2659 daAuts
    D:10: 2193 daAuts
     D:5: 1474 daAuts
     D:9: 1434 daAuts
     D:6: 1412 daAuts
     D:8: 1302 daAuts
     D:3: 1290 daAuts
     D:7: 1118 daAuts
     D:1: 1058 daAuts
     D:4: 791 daAuts
     D:2: 604 daAuts
    D:12: 452 daAuts
  Temple: 350 daAuts
   Orc:1: 162 daAuts
